cohdb
Replays
Latest Replays
All Replays
Popular Replays
Top Player Replays
Match Explorer
How It Works
Community
CoH3 Stats
Reddit
Sign in to upload your games and track your stats! →
Sign in with Steam
Match 28268953
Unlisted
Match 28268953
Overview
Messages
Build Orders
End
Construct Barracks
Selects Armored Battlegroup
Riflemen Squad
Riflemen Squad
Riflemen Squad
Infantry Support Center
Construct Medical Station
M1 Mortar Team
Construct Motor Pool
Selects Assault Engineers
M1918 Browning Automatic Rifles
M8 Greyhound Armored Car
Grenade Package
Selects Strength in Steel
M1 Anti-tank Gun Team
Selects Field Repairs
Assault Engineer Squad
M1 Mortar Team
Construct Tank Depot
Selects M8 Scott SPG
Selects UNKNOWN (2160077)
M4A3E8 Sherman Easy Eight
Wrathment
pipila300
0
0
Comments
sign in to comment!
No comments posted yet!